 Dungeon Sprint DCSS version 0.23-a0-402-g64599a1 (webtiles) character file.

60127 rednecknazgul the Swashbuckler (level 14, -3/84 HPs)
             Began as a Vine Stalker Gladiator on Nov 4, 2018.
             Was an Initiate of Gozag.
             Slain by Mennas
             ... wielding a +3 trishula of holy wrath
              (7 damage)
             ... in the Dungeon (Sprint IX: "|||||||||||||||||||||||||||||").
             The game lasted 00:12:12 (3865 turns).

rednecknazgul the Swashbuckler (VSGl)               Turns: 3865, Time: 00:12:12

Health: -3/84      AC: 29    Str: 27    XL:     14   Next: 98%
Magic:  0/31       EV: 19    Int: 13    God:    Gozag
Gold:   4243       SH: 20    Dex: 29    Spells: 38/38 levels left

rFire    + + +     SeeInvis .   u - +2 rapier (drain)
rCold    . . .     Gourm    .   o - +0 large shield {rPois}
rNeg     + + .     Faith    .   G - +2 gold dragon scales
rPois    +         Spirit   +   c - +0 helmet
rElec    .         Reflect  .   B - +0 cloak of Awe {rF++ Dex+2 Stlth+}
rCorr    +         Harm     .   C - +2 pair of gloves of Resilience {+Fly rC- rN++ rCorr}
MR       +....     NoTele   +   a - +0 pair of boots
Stlth    +.........             (no amulet)
HPRegen  1.04/turn              q - +3 ring of dexterity
MPRegen  0.22/turn              r - +3 ring of dexterity

@: mighty, brilliant, agile, hasted, glowing, very quick
A: fangs 3, regeneration 2, magic shield, antimagic bite, no potion heal 3, rot
immunity
a: Potion Petition, Call Merchant, Bribe Branch, Renounce Religion, Evoke Flight


You were in the Dungeon.
You worshipped Gozag.
Gozag was most pleased with you.
You were hungry.

You visited 1 branch You collected 17772 gold pieces.
You spent 3401 gold pieces at shops.
You paid 10128 gold pieces to Gozag.

Inventory:

Hand Weapons
 u - a +2 rapier of draining (weapon)
Missiles
 d - 6 throwing nets (quivered)
Armour
 a - a +0 pair of boots (worn)
 c - a +0 helmet (worn)
 o - a +0 large shield of poison resistance (worn)
 B - the +0 cloak of Awe (worn) {rF++ Dex+2 Stlth+}
   (You bought it in a shop in the Dungeon)

   It affects your dexterity (+2).
   It greatly protects you from fire.
   It makes you more stealthy.
 C - the +2 pair of gloves of Resilience (worn) {+Fly rC- rN++ rCorr}
   (You bought it in a shop in the Dungeon)

   It makes you vulnerable to cold.
   It greatly protects you from negative energy.
   It lets you fly.
   It provides partial protection from all sources of acid and corrosion.
 G - +2 gold dragon scales (worn)
Jewellery
 q - a +3 ring of dexterity (left hand)
 r - a +3 ring of dexterity (right hand)
 x - an uncursed ring of protection from cold
 y - an uncursed ring of protection from magic
Wands
 n - a wand of iceblast (17)
 p - a wand of digging (7)
Scrolls
 k - a scroll of blinking
 l - 6 scrolls of remove curse
 m - 2 scrolls of amnesia
 v - 2 scrolls of fear
 w - 2 scrolls of enchant weapon
 F - 2 scrolls of identify
Potions
 b - 2 potions of brilliance
 e - a potion of invisibility
 g - 5 potions of heal wounds
 h - a potion of haste
 i - 4 potions of magic
 j - 5 potions of curing
 s - a potion of resistance
 t - a potion of cancellation
 z - a potion of agility
 E - a potion of berserk rage
Comestibles
 f - 8 rations


   Skills:
 + Level 14.8 Fighting
 * Level 20.1 Short Blades
 - Level 1.7 Throwing
 + Level 13.7 Armour
 + Level 13.9 Dodging
 + Level 15.8 Stealth
 + Level 11.0 Shields
 + Level 12.6 Spellcasting


You had 38 spell levels left.
You didn't know any spells.
Your spell library was empty.

Dungeon Overview and Level Annotations

Branches:
Dungeon (1/1)

Altars:
Cheibriados
Dithmenos
Elyvilon
Fedhas
Gozag
Hepliaklqana
Kikubaaqudgha
Makhleb
Nemelex Xobeh
Okawaru
Qazlal
Ru
Sif Muna
Trog
Uskayaw
Vehumet
Wu Jian
Xom
Yredelemnul
Zin
The Shining One
Beogh
Jiyva
Lugonu

Shops:
D *[[*(([[([((

Annotations:
D Mennas


Innate Abilities, Weirdness & Mutations

You have razor-sharp teeth.
You heal very quickly.
When hurt, damage is shared between your health and your magic reserves.
Your bite disrupts and absorbs the magic of your enemies.
Potions cannot restore your health.
You are immune to rotting.


Message History

Mennas is heavily wounded.
You hit Mennas. Your bite misses Mennas.
Mennas is heavily wounded.
Mennas looks to the heavens.
Mennas hits you with a +3 trishula of holy wrath!
* * * LOW HITPOINT WARNING * * *
Mennas hits you but does no damage. Mennas blocks your attack.
You bite Mennas, but do no damage.
Mennas is heavily wounded.
Mennas blocks your attack.
You bite Mennas.
Mennas's magic leaks into the air.
You drain his magic.
You feel invigorated.
Mennas is heavily wounded.
You block Mennas's attack. x2
Mennas blocks your attack.
Your bite misses Mennas.
Mennas is heavily wounded.
Mennas blocks your attack.
Your bite misses Mennas.
Mennas is heavily wounded.
Mennas hits you with a +3 trishula of holy wrath!!
You die...
Your body crumbles into a pile of gold.

▓.▓)▓.▓)▓.▓)▓.▓[▓.
▓)▓)▓.▓.▓.▓)▓.▓.▓.
▓.▓)▓.▓.▓.▓)▓.▓[▓.
▓.▓)▓.▓.▓.▓'▓.▓[▓.
▓.▓)▓.▓.▓.▓(▓.▓[▓.
$
▓.▓(▓.▓.▓.▓.▓.▓[▓.
▓.▓.▓.▓.▓.▓.▓.▓.▓.
▓.▓)▓.▓.▓.▓.▓.▓.▓.
▓@▓)▓.▓.▓.▓.▓.▓.▓.
▓A▓'▓.▓.▓.▓.▓.▓[▓.
▓.▓.▓.▓'▓.▓!▓.▓[▓.
▓.▓.▓.♣.♣.▓.▓.▓)▓.
▓.▓.▓.♣.♣.▓!▓.▓[▓.
▓.▓∩▓.♣.♣.▓.▓.▓[▓.
▓.▓.▓.♣.♣.▓[▓.▓[▓)
▓.▓)▓.♣.♣.▓[▓.▓[▓.
▓.▓.♣.♣.▓[▓.▓[▓.


You could see Mennas.

Vanquished Creatures
  Rupert (D)
  A nagaraja (D)
  A fire giant (D)
  A frost giant (D)
  An ironheart preserver (D)
  3 very ugly things (D)
  3 stone giants (D)
  Azrael (D)
  A spark wasp (D)
  Snorg (D)
  A yaktaur captain (D)
  2 great orbs of eyes (D)
  Josephine (D)
  2 naga warriors (D)
  A rakshasa (D)
  A spriggan air mage (D)
  Harold (D)
  A hydra (D)
  2 alligators (D)
  2 anacondas (D)
  Erica (D)
  4 centaur warriors (D)
  A two-headed ogre (D)
  4 ogre magi (D)
  A merfolk aquamancer (D)
  3 deep troll shamans (D)
  2 deep troll earth magi (D)
  A shock serpent (D)
  A naga sharpshooter (D)
  An orc high priest (D)
  A skeletal warrior (D)
  2 flayed ghosts (D)
  An unseen horror (shapeshifter) (D)
  An unseen horror (D)
  A wizard (D)
  2 necromancers (D)
  An orb spider (D)
  A wolf spider (D)
  2 orc knights (D)
  2 ugly things (D)
  4 orc sorcerers (D)
  A cyclops (D)
  A manticore (D)
  A moth of wrath (D)
  A guardian serpent (D)
  4 vault sentinels (D)
  A black mamba (D)
  Maurice (D)
  9 spiny frogs (D)
  2 yaktaurs (D)
  A demonic crawler (D)
  An efreet (D)
  A hornet (D)
  A tyrant leech (D)
  A wind drake (D)
  3 merfolk (D)
  2 blink frogs (D)
  A slime creature (D)
  2 hippogriffs (D)
  2 snapping turtles (D)
  5 wraiths (D)
  4 redbacks (D)
  A water elemental (D)
  2 fire elementals (D)
  2 steam dragons (D)
  A basilisk (D)
  3 vampire mosquitoes (D)
  An insubstantial wisp (D)
  A soldier ant (D)
  An acid dragon (D)
  4 porcupines (D)
  3 hell hounds (D)
  2 water moccasins (D)
  An ice beast (D)
  10 orc warriors (D)
  A swamp drake (D)
  A necrophage (D)
  A black bear (D)
  An ogre (D)
  A wolf (D)
  2 boggarts (D)
  A crocodile (D)
  A centaur (D)
  5 bullfrogs (D)
  2 scorpions (D)
  2 crimson imps (D)
  2 orc priests (D)
  16 orc wizards (D)
  6 orcs (D)
  A ball python (D)
  A goblin (D)
  2 hobgoblins (D)
  A giant cockroach zombie (D)
  A kobold (D)
  A rat (D)
191 creatures vanquished.

Vanquished Creatures (others)
  A vampire mosquito (D)
  A quokka zombie (D)
2 creatures vanquished.

Grand Total: 193 creatures vanquished

Notes
Turn   | Place    | Note
-------+----------+-------------------------------------------
     0 | D        | rednecknazgul the Vine Stalker Gladiator began the quest
                  | for the Orb.
     0 | D        | Reached XP level 1. HP: 11/11 MP: 2/2
     8 | D        | Reached skill level 3 in Short Blades
    15 | D        | Reached skill level 1 in Armour
    20 | D        | Noticed a crimson imp
    20 | D        | Noticed a scorpion
    20 | D        | Noticed an ogre
    20 | D        | Noticed an orc wizard
    24 | D        | Killed an orc wizard
    24 | D        | Reached skill level 4 in Short Blades
    24 | D        | Reached XP level 2. HP: 16/16 MP: 1/3
    24 | D        | Reached XP level 3. HP: 19/19 MP: 1/4
    28 | D        | Killed an ogre
    28 | D        | Reached skill level 6 in Short Blades
    28 | D        | Gained mutation: Your natural rate of healing is unusually
                  | fast. [Vine Stalker growth]
    28 | D        | Reached XP level 4. HP: 25/25 MP: 5/5
    30 | D        | Reached XP level 5. HP: 29/29 MP: 6/6
    78 | D        | Reached skill level 7 in Short Blades
    91 | D        | Found a roughly hewn altar of Beogh.
    91 | D        | Found a snail-covered altar of Cheibriados.
    91 | D        | Found a shadowy altar of Dithmenos.
    91 | D        | Found a white marble altar of Elyvilon.
    91 | D        | Found a blossoming altar of Fedhas.
    91 | D        | Found an opulent altar of Gozag.
    92 | D        | Found a hazy altar of Hepliaklqana.
    93 | D        | Found a viscous altar of Jiyva.
    94 | D        | Found an ancient bone altar of Kikubaaqudgha.
    95 | D        | Found a corrupted altar of Lugonu.
    96 | D        | Found a burning altar of Makhleb.
    97 | D        | Found a sparkling altar of Nemelex Xobeh.
    98 | D        | Found an iron altar of Okawaru.
    99 | D        | Became a worshipper of Gozag Ym Sagoz the Greedy
   100 | D        | Found a stormy altar of Qazlal.
   101 | D        | Found a sacrificial altar of Ru.
   102 | D        | Found a deep blue altar of Sif Muna.
   103 | D        | Found a bloodstained altar of Trog.
   104 | D        | Found a hide-covered altar of Uskayaw.
   105 | D        | Found a radiant altar of Vehumet.
   106 | D        | Found an ornate altar of the Wu Jian Council.
   107 | D        | Found a shimmering altar of Xom.
   108 | D        | Found a basalt altar of Yredelemnul.
   109 | D        | Found a glowing silver altar of Zin.
   110 | D        | Found a glowing golden altar of the Shining One.
   157 | D        | Noticed an orc warrior
   157 | D        | Noticed a steam dragon
   157 | D        | Noticed a necrophage
   162 | D        | Killed a necrophage
   162 | D        | Reached skill level 5 in Fighting
   162 | D        | Reached skill level 5 in Dodging
   162 | D        | Reached XP level 6. HP: 34/35 MP: 7/7
   166 | D        | Killed a steam dragon
   166 | D        | Reached skill level 8 in Short Blades
   166 | D        | Reached skill level 5 in Armour
   171 | D        | Killed an unseen horror
   171 | D        | Reached skill level 10 in Short Blades
   171 | D        | Reached XP level 7. HP: 8/42 MP: 4/8
   171 | D        | Gained mutation: You have razor-sharp teeth. [Vine Stalker
                  | growth]
   171 | D        | Reached XP level 8. HP: 9/46 MP: 4/9
   193 | D        | Noticed a hippogriff
   193 | D        | Noticed a centaur warrior
   197 | D        | Killed a centaur warrior
   197 | D        | Reached skill level 11 in Short Blades
   197 | D        | Reached XP level 9. HP: 20/51 MP: 10/10
   206 | D        | Reached skill level 12 in Short Blades
   408 | D        | Reached skill level 13 in Short Blades
   432 | D        | Noticed a spiny frog
   432 | D        | Noticed a spiny frog
   432 | D        | Noticed a spiny frog
   437 | D        | Killed a spiny frog
   437 | D        | Reached XP level 10. HP: 51/58 MP: 9/11
   464 | D        | Killed a spiny frog
   464 | D        | Reached skill level 10 in Fighting
   465 | D        | Killed a spiny frog
   500 | D        | Noticed a spiny frog
   500 | D        | Noticed a spiny frog
   504 | D        | Killed a spiny frog
   504 | D        | Reached skill level 14 in Short Blades
   504 | D        | Reached skill level 1 in Stealth
   504 | D        | Reached skill level 1 in Spellcasting
   520 | D        | Killed a spiny frog
   520 | D        | Noticed a spiny frog
   540 | D        | Killed a spiny frog
   555 | D        | Reached skill level 10 in Dodging
   617 | D        | Noticed Harold
   637 | D        | Killed Harold
   637 | D        | Reached XP level 11. HP: 59/64 MP: 15/17
   690 | D        | Noticed Maurice
   701 | D        | Killed Maurice
   701 | D        | Reached skill level 5 in Stealth
   704 | D        | Noticed Erica
   716 | D        | Killed Erica
   716 | D        | Reached skill level 10 in Armour
   916 | D        | Bought a runed large shield for 187 gold pieces
   916 | D        | Bought a dazzling cloak for 237 gold pieces
   916 | D        | Bought a pair of scorched gloves for 237 gold pieces
   916 | D        | Bought a blackened plate armour for 700 gold pieces
   928 | D        | Identified the +12 plate armour of Midwinter {rN+ Dex+4}
                  | (You bought it in a shop in the Dungeon)
   939 | D        | Identified the +0 cloak of Awe {rF++ Dex+2 Stlth+} (You
                  | bought it in a shop in the Dungeon)
   950 | D        | Identified the +2 pair of gloves of Resilience {+Fly rC-
                  | rN++ rCorr} (You bought it in a shop in the Dungeon)
  1011 | D        | Noticed an orc knight
  1015 | D        | Reached skill level 15 in Short Blades
  1034 | D        | Noticed an orc sorcerer
  1037 | D        | Killed an orc knight
  1037 | D        | Reached skill level 1 in Shields
  1051 | D        | Noticed an orc high priest
  1084 | D        | Killed an orc sorcerer
  1084 | D        | Reached skill level 5 in Spellcasting
  1092 | D        | Killed an orc high priest
  1149 | D        | Found Yceg's Weapon Boutique.
  1149 | D        | Noticed an orc sorcerer
  1156 | D        | Noticed an orc sorcerer
  1158 | D        | Found Anajuz's Armour Shop.
  1164 | D        | Killed an orc sorcerer
  1169 | D        | Found Oniyxir's Antique Armour Boutique.
  1178 | D        | Found Enlimp's Antique Weapon Shop.
  1187 | D        | Killed an orc sorcerer
  1189 | D        | Noticed an orc sorcerer
  1211 | D        | Killed an orc sorcerer
  1378 | D        | Bought a clouded silver ring for 120 gold pieces
  1379 | D        | Identified the ring "Weichen" {+Inv +Fly Int+4 Stlth-} (You
                  | bought it in a shop in the Dungeon)
  1522 | D        | Noticed a manticore
  1522 | D        | Noticed a two-headed ogre
  1522 | D        | Noticed a skeletal warrior
  1537 | D        | Killed a skeletal warrior
  1538 | D        | Noticed a necromancer
  1546 | D        | Killed a two-headed ogre
  1546 | D        | Gained mutation: You heal very quickly. [Vine Stalker
                  | growth]
  1546 | D        | Reached XP level 12. HP: 61/70 MP: 22/22
  1548 | D        | Noticed a deep troll shaman
  1559 | D        | Noticed a centaur warrior
  1562 | D        | Noticed a red very ugly thing
  1564 | D        | Noticed a stone giant
  1585 | D        | Reached skill level 16 in Short Blades
  1600 | D        | Killed a deep troll shaman
  1624 | D        | Killed a red very ugly thing
  1624 | D        | Reached skill level 5 in Shields
  1655 | D        | Killed a stone giant
  1661 | D        | Killed a centaur warrior
  1661 | D        | Reached skill level 10 in Stealth
  1839 | D        | Bought gold dragon scales for 1920 gold pieces
  2047 | D        | Noticed Snorg
  2068 | D        | Killed Snorg
  2131 | D        | Noticed a nagaraja
  2131 | D        | Noticed a naga sharpshooter
  2131 | D        | Noticed an anaconda
  2131 | D        | Noticed a naga warrior
  2131 | D        | Noticed a naga warrior
  2132 | D        | Noticed an anaconda
  2164 | D        | Noticed a shock serpent
  2178 | D        | Killed a naga warrior
  2182 | D        | HP: 3/71 [nagaraja/+0 spear (4)]
  2187 | D        | HP: 1/71 [naga warrior/+0 hand axe (3)]
  2693 | D        | Killed an anaconda
  2727 | D        | Killed a nagaraja
  2760 | D        | Killed a naga warrior
  2760 | D        | Reached skill level 17 in Short Blades
  2773 | D        | Killed an anaconda
  2773 | D        | Reached XP level 13. HP: 45/76 MP: 26/26
  3062 | D        | Reached skill level 18 in Short Blades
  3062 | D        | Reached skill level 10 in Spellcasting
  3125 | D        | Noticed Rupert
  3142 | D        | Killed Rupert
  3191 | D        | Noticed Josephine
  3211 | D        | Killed Josephine
  3285 | D        | Noticed a great orb of eyes
  3286 | D        | Noticed a brown very ugly thing
  3305 | D        | Noticed a red very ugly thing
  3327 | D        | Killed a brown very ugly thing
  3352 | D        | Killed a red very ugly thing
  3352 | D        | Reached XP level 14. HP: 62/83 MP: 29/29
  3378 | D        | Noticed a fire giant
  3398 | D        | Killed a fire giant
  3398 | D        | Reached skill level 19 in Short Blades
  3411 | D        | Noticed a frost giant
  3435 | D        | Killed a frost giant
  3435 | D        | Reached skill level 10 in Shields
  3544 | D        | Noticed a stone giant
  3546 | D        | Noticed a stone giant
  3558 | D        | Reached skill level 15 in Stealth
  3570 | D        | Killed a stone giant
  3577 | D        | Killed a stone giant
  3578 | D        | Noticed an ironheart preserver
  3605 | D        | Killed an ironheart preserver
  3644 | D        | Reached skill level 20 in Short Blades
  3735 | D        | Noticed Azrael
  3755 | D        | Killed Azrael
  3778 | D        | Noticed Mennas
  3848 | D        | HP: 1/84 [Mennas/+3 trishula of holy wrath (17)]
  3861 | D        | HP: 2/84 [Mennas/+3 trishula of holy wrath (9)]
  3865 | D        | Slain by Mennas

Vault maps used:
D:        linesprint

Skill      XL: |  1  2  3  4  5  6  7  8  9 10 11 12 13 14 |
---------------+-------------------------------------------+-----
Fighting       | 2 4 5 7 8 9 10 11 12 13 14 | 14.8
Short Blades   | 4 6 7 10 11 13 14 15 17 18 20 | 20.1
Armour         | 1 3 4 6 7 8 9 10 11 12 13 | 13.7
Dodging        | 3 4 5 6 7 9 10 11 12 13 | 13.9
Stealth        | 4 8 11 13 15 | 15.8
Spellcasting   | 3 6 8 10 12 | 12.6
Shields        | 4 6 9 11 | 11.0
Throwing       | |  1.7

Action                   |  1- 3 |  4- 6 |  7- 9 | 10-12 | 13-15 || total
-------------------------+-------+-------+-------+-------+-------++-------
Melee: Rapier            |    15 |    44 |    49 |   207 |   614 ||   929
       Bite              |     4 |    17 |    22 |   333 |   345 ||   721
       Short sword       |       |       |       |   353 |       ||   353
Invok: Potion Petition   |       |     1 |       |     2 |     2 ||     5
       Call Merchant     |       |       |       |     5 |     3 ||     8
  Use: Potion            |     2 |       |       |     1 |       ||     3
       Scroll            |       |       |       |     3 |       ||     3
 Stab: Distracted        |       |       |     2 |    13 |     9 ||    24
  Eat: Ration            |       |       |       |     2 |     1 ||     3
Armor: Leather armour    |     1 |     8 |       |       |       ||     9
       Plate armour      |       |     6 |     8 |    52 |       ||    66
       Chain mail        |       |       |       |    11 |       ||    11
       Gold dragon scale |       |       |       |    63 |   138 ||   201
Dodge: Dodged            |     9 |    28 |    16 |    79 |    71 ||   203
Block: Large shield      |       |       |       |   175 |   254 ||   429

Table legend:
 A = Non-vault XP
 B = Vault XP
 C = Vault XP percentage of total XP
 D = Non-vault monster count
 E = Vault monster count
 F = Vault count percentage of total count
                 A         B        C        D         E       F
            +---------+---------+-------+---------+---------+-------
      Total |       0 |   85896 | 100.0 |       0 |     191 | 100.0
            +---------+---------+-------+---------+---------+-------
          D |       0 |   85896 | 100.0 |       0 |     191 | 100.0
            +---------+---------+-------+---------+---------+-------
